Map: Remanso LE

Players

IagoAbreu

  • Race: Terran Terran
  • League: Silver
  • Spawn Location: 5:00

aquiles - Winner!

  • Race: Terran Terran
  • League: Silver
  • Spawn Location: 11:00

VOD

Have the link to the VOD?

Description

Time

  • Played on: Feb. 23, 2018, 10:17 p.m.
  • Length: 11:42
Show
View Real Time Build Order
Export as new Build Order

IagoAbreu Terran 

Build Orders: Reaper Expand 

Get SALT Encoding   

  12  0:02  SCV  
  13  0:18  Supply Depot  
  13  0:19  SCV  
  14  0:27  Supply Depot  
  14  0:32  SCV  
  15  0:42  Refinery  
  15  1:03  Barracks  
  15  1:27  Command Center  
  15  1:30  SCV  
  16  1:58  Bunker  
  16  2:16  Refinery  
  16  2:22  Barracks Reactor  
  16  2:27  Orbital Command  
  16  2:31  Engineering Bay  
  16  2:52  Orbital Command  
  16  3:00  SCV  
  17  3:12  SCV  
  18  3:24  SCV  
  19  3:29  Reaper x2  
  21  3:36  SCV  
  22  3:48  SCV  
  22  3:54  Terran Infantry Weapons Level 1  
  23  4:01  Reaper x2, SCV  
  26  4:13  SCV  
  27  4:18  Factory  
  27  4:25  SCV  
  27  4:29  Ghost Academy  
  28  4:37  SCV  
  29  4:46  Reaper x2  
  29  4:49  SCV  
  28  5:23  Reaper  
  28  5:24  Reaper  
  30  5:34  Starport  
  30  5:38  Starport  
  30  5:47  Armory  
  28  6:13  Reaper x2  
  30  6:45  Liberator  
  30  6:46  Liberator  
  31  7:10  Barracks  
  31  7:12  Barracks  
  31  7:22  Supply Depot  
  28  7:24  Supply Depot  
  28  7:25  Supply Depot  
  28  7:27  Supply Depot  
  28  7:43  Marine x2  
  25  7:52  Liberator  
  20  8:01  Marine x2  
  16  8:19  Marine x2  
  15  8:37  Marine x2  
  17  8:43  Refinery  
  17  8:46  Refinery  
  17  8:47  Marine x2  
  19  9:04  Marine  
  19  9:05  Marine  
  18  9:22  Marine x2  
  20  9:32  Marine x2  
  24  9:49  Barracks Reactor x2  
  24  9:50  Marine x2  
  24  9:59  Barracks  
  22  10:07  Marine  
  22  10:08  Marine  
  15  10:25  Marine x2  
  15  10:28  Marine x4  
  12  10:46  Marine x4  
  16  11:03  Marine  
  16  11:04  Marine x3  
  16  11:21  Marine  
  16  11:22  Marine x3  
Show
View Real Time Build Order
Export as new Build Order

aquiles Terran - Winner!

Build Orders:  

Get SALT Encoding   

  12  0:03  SCV  
  13  0:22  Supply Depot  
  13  0:23  Refinery  
  13  0:25  SCV  
  14  0:41  Supply Depot  
  14  0:50  SCV  
  15  0:58  Refinery  
  15  1:08  Barracks  
  15  1:12  SCV  
  16  1:24  SCV  
  17  1:36  SCV  
  18  1:48  SCV  
  19  1:56  Reaper  
  19  2:00  SCV  
  21  2:03  Factory  
  21  2:12  SCV  
  22  2:25  SCV  
  22  2:29  Marine  
  24  2:37  SCV  
  25  2:47  Marine  
  25  2:49  SCV, Starport  
  25  2:51  Factory Tech Lab  
  27  3:01  SCV  
  27  3:04  Marine  
  29  3:22  Marine  
  30  3:50  Supply Depot  
  30  3:55  Supply Depot  
  30  3:56  Starport Tech Lab  
  30  4:12  Siege Tank  
  30  4:13  Supply Depot  
  33  4:17  Fusion Core  
  33  4:29  Command Center  
  31  4:51  Banshee  
  30  5:14  Widow Mine  
  31  5:34  Banshee  
  31  5:35  Widow Mine  
  36  5:52  SCV, Refinery  
  36  5:56  Siege Tank  
  40  6:00  Starport  
  40  6:04  SCV  
  41  6:16  SCV  
  42  6:28  Siege Tank  
  41  7:00  Siege Tank  
  43  7:07  Battlecruiser  
  49  7:39  Viking  
  51  7:46  Supply Depot  
  51  8:02  Command Center  
  47  8:09  Viking  
  47  8:11  Viking  
  46  8:35  Supply Depot  
  46  8:37  Armory  
  46  8:41  Supply Depot, Viking  
  48  9:16  SCV  
  49  9:19  Refinery  
  49  9:22  SCV, Refinery  
  50  9:26  Supply Depot  
  50  9:28  SCV  
  51  9:33  Armory  
  51  9:34  SCV  
  52  9:40  SCV  
  53  9:46  SCV  
  53  9:50  Supply Depot  
  53  9:52  SCV  
  55  9:58  SCV  
  56  10:04  SCV  
  57  10:10  SCV  
  55  10:16  SCV  
  56  10:54  SCV  
  57  11:06  SCV  
  57  11:07  SCV  
  59  11:12  Refinery  
  59  11:18  SCV, Supply Depot  
  60  11:27  Engineering Bay  
  60  11:30  SCV  
  61  11:40  Supply Depot  
Tags
 
Add a new tag
Caveats
  • Supply blocks, unpowered buildings, or Contaminate may cause inaccurate times.
  • Supply counts are checked every 10 seconds.